 Dungeon Crawl Stone Soup version 0.31-a0-595-g4209ae197b (webtiles) character file.

Game seed: 17028081183354650735

1527 Conn the Magician (level 8, -10/47 HPs)
             Began as an Octopode Fire Elementalist on Aug 20, 2023.
             Was an Initiate of Sif Muna.
             Mangled by an ice beast (16 damage)
             ... on level 6 of the Dungeon.
             The game lasted 00:11:24 (4634 turns).

Conn the Magician (Octopode Fire Elementalist)      Turns: 4634, Time: 00:11:26

Health: -10/47     AC:  1    Str: 13    XL:     8   Next: 85%
Magic:  1/17       EV: 13    Int: 19    God:    Sif Muna [......]
Gold:   235        SH:  0    Dex: 13    Spells: 3/20 levels left

rFire   + . .        c - +1 dagger
rCold   x . .        (no shield)
rNeg    . . .        (helmet restricted)
rPois   .            h - amulet of regeneration
rElec   .            b - +6 ring of strength
rCorr   .            m - ring of fire
SInv    .            (no ring)
Will    .....        (no ring)
Stlth   ++++         (no ring)
HPRegen 1.07/turn    (no ring)
MPRegen 0.15/turn    (no ring)
                     (no ring)

%: no passive effects
@: no status effects
A: almost no armour, amphibious, 8 rings, camouflage 1, gelatinous body 1,
(nimble swimmer 1), tentacles
a: Renounce Religion


You were on level 6 of the Dungeon.
You worshipped Sif Muna.
Sif Muna was noncommittal.
You visited 2 branches of the dungeon, and saw 7 of its levels.

You collected 235 gold pieces.

Inventory:

Hand Weapons
 c - a +1 dagger (weapon)
Jewellery
 b - a +6 ring of strength (left tentacle)
 h - an amulet of regeneration (around mantle)
 m - a ring of fire (right tentacle)
Wands
 j - a wand of flame (35)
 k - a wand of quicksilver (9)
Scrolls
 d - a scroll of enchant armour
 f - a scroll of teleportation
 g - 2 scrolls of identify {unknown}
Potions
 a - a potion of magic
 e - a potion of might {unknown}
 i - 3 potions of heal wounds {unknown}
 l - 4 potions of curing {unknown}
 n - a potion of haste {unknown}
 o - a potion of attraction {unknown}


   Skills:
 + Level 0.8 Fighting
 + Level 1.3 Short Blades
 + Level 2.6 Dodging
 + Level 5.2 Stealth
 * Level 6.5 Spellcasting
 * Level 4.1 Conjurations
 + Level 0.5 Hexes
 + Level 6.0 Fire Magic
 * Level 1.0 Air Magic
 * Level 1.2 Poison Magic
 + Level 0.5 Evocations


You had 3 spell levels left.
You knew the following spells:

 Your Spells              Type           Power      Damage    Failure   Level
a - Foxfire               Conj/Fire      100%       2x1d9     1%          1
b - Scorch                Fire           86%        2d8       1%          2
c - Inner Flame           Hex/Fire       28%        N/A       9%          3
d - Flame Wave            Conj/Fire      38%        2d10      13%         4
e - Iskenderun's Mystic   Conj/Tloc      14%        2d5       41%         4
f - Mephitic Cloud        Conj/Pois/Air  14%        N/A       13%         3

Your spell library contained the following spells:

 Spells                   Type           Power      Damage    Failure   Level
 Slow                     Hex            32%        N/A       9%          1
 Volatile Blastmotes      Fire/Tloc      52%        2d14      9%          3
 Poisonous Vapours        Pois/Air       20%        N/A       10%         2
 Lesser Beckoning         Tloc           12%        N/A       16%         2
 Confusing Touch          Hex            8%         N/A       26%         3
 Tukima's Dance           Hex            8%         N/A       26%         3
 Portal Projectile        Hex/Tloc       14%        N/A       28%         3
 Call Canine Familiar     Summ           6%         N/A       32%         3
 Gell's Gravitas          Tloc           6%         N/A       32%         3
 Teleport Other           Tloc           6%         N/A       32%         3
 Vampiric Draining        Necr           6%         2d6       32%         3
 Leda's Liquefaction      Hex/Erth       3%         N/A       67%         4
 Freezing Cloud           Conj/Ice/Air   6%         6-21      82%         5


Dungeon Overview and Level Annotations

Branches:
Dungeon (6/15)             Temple (1/1) D:5

Altars:
Dithmenos
Hepliaklqana
Kikubaaqudgha
Okawaru
Qazlal
Ru
Sif Muna
Trog
Uskayaw
Vehumet
Wu Jian
Xom
Zin
The Shining One

Shops:
D:2 (

Annotations:
D:4 Pikel


Innate Abilities, Weirdness & Mutations

You cannot wear most types of armour.
You are amphibious.
You can wear up to eight rings at the same time.
Your skin changes colour to match your surroundings (Stealth+).
Your rubbery body absorbs attacks. (AC +1, EV +1)
((You are camouflaged when in or above water. (Stealth+)))
You have tentacles for arms and can constrict up to eight enemies at once.


Message History

Unknown command.
Unknown command.
An orc comes into view. It is wielding a +0 mace.
You hit the orc. You grab the orc. You squeeze the orc.
You kill the orc!
Sif Muna accepts your kill.
Casting: Scorch (safe; 1% risk of failure)
Confirm with . or Enter, or press ? or * to list all spells.
You feel a surge of power!
Flames lash the ice beast.
The ice beast melts!
The ice beast is lightly wounded.
The ice beast's fire resistance burns away.
Casting: Scorch (safe; 1% risk of failure)
Confirm with . or Enter, or press ? or * to list all spells.
You feel a surge of power!
Flames lash the ice beast.
The ice beast melts!
The ice beast is heavily wounded.
The ice beast closely misses you.
Found a club.
The ice beast attacks as it pursues you!
The ice beast hits you. The ice beast freezes you!
You feel a terrible chill!
Aiming: Throw Flame
Press: ? - help, Shift-Dir - straight line, f - ice beast
Aim: an ice beast (heavily wounded, more vulnerable to fire, 68% to hit)
The puff of flame misses the ice beast.
The ice beast hits you. The ice beast freezes you!
You feel a terrible chill!
Aiming: Quicksilver Bolt
Press: ? - help, Shift-Dir - straight line, f/p - ice beast
Aim: an ice beast (heavily wounded, more vulnerable to fire, 71% to hit)
The bolt of dispelling energy hits the ice beast!
The ice beast is almost dead.
The ice beast's magical effects unravel!
The ice beast hits you. The ice beast freezes you!
You feel a terrible chill!
* * * LOW HITPOINT WARNING * * *
Aiming: Quicksilver Bolt
Press: ? - help, Shift-Dir - straight line, f/p - ice beast
Aim: an ice beast (almost dead, 71% to hit)
The bolt of dispelling energy misses the ice beast.
The ice beast hits you.
* * * LOW HITPOINT WARNING * * *
The ice beast freezes you!
You feel a terrible chill!
You die...

# ... .# ######...)# .#
#.Y@......# #.##### #.
#W######.## .......
#...###)# .......
........##########.......
###...#...Y..............
#...#W#########........
#..........## #........
#...........###Y.......
...........$............


You could see an ice beast and a phantom.

Vanquished Creatures
  Sigmund (D:4)
  Menkaure (D:4)
  Duvessa (D:4)
  An ogre (D:5)
  A centaur (D:5)
  2 bullfrogs (D:6)
  2 scorpions (D:5)
  Dowan (D:4)
  A howler monkey (D:5)
  An orc priest (D:5)
  6 hounds
  2 jellies
  A gnoll bouda (D:5)
  2 iguanas
  A sleepcap (D:6)
  4 orc wizards (D:5)
  5 gnolls (D:5)
  5 adders
  2 white imps
  A worm (D:2)
  4 dart slugs (D:2)
  10 orcs
  2 endoplasms
  3 goblins
  5 hobgoblins
  10 jackals
  A quokka (D:1)
  6 ball pythons
  4 bats
  4 frilled lizards
  2 kobolds (D:1)
  6 rats (D:1)
98 creatures vanquished.

Vanquished Creatures (collateral kills)
  2 foxfires (D:3)
2 creatures vanquished.

Vanquished Creatures (others)
  An orc (D:6)
  189 foxfires
190 creatures vanquished.

Grand Total: 290 creatures vanquished

Notes
Turn   | Place    | Note
-------+----------+-------------------------------------------
     0 | D:1      | Conn the Octopode Fire Elementalist began the quest for the
                  | Orb.
     0 | D:1      | Reached XP level 1. HP: 11/11 MP: 3/3
   165 | D:1      | Reached XP level 2. HP: 17/17 MP: 5/5
   887 | D:2      | Learned a level 2 spell: Scorch
   921 | D:2      | Reached XP level 3. HP: 18/21 MP: 1/6
   925 | D:2      | Learned a level 3 spell: Inner Flame
  1004 | D:2      | Found Reun's Antique Weapon Boutique.
  1345 | D:2      | Reached XP level 4. HP: 27/27 MP: 0/7
  2731 | D:4      | Found an ancient bone altar of Kikubaaqudgha.
  2760 | D:4      | Noticed Sigmund
  2767 | D:4      | Killed Sigmund
  2768 | D:4      | Reached skill level 1 in Short Blades
  2768 | D:4      | Reached XP level 5. HP: 31/31 MP: 0/10
  2768 | D:4      | Reached XP level 6. HP: 36/36 MP: 0/11
  2803 | D:4      | Noticed Menkaure
  2816 | D:4      | Killed Menkaure
  2912 | D:4      | Noticed Duvessa
  2914 | D:4      | Noticed Dowan
  2918 | D:4      | Killed Duvessa
  2919 | D:4      | Reached XP level 7. HP: 42/42 MP: 3/13
  2925 | D:4      | Killed Dowan
  3097 | D:4      | Noticed Pikel
  3108 | D:5      | Entered Level 5 of the Dungeon
  3182 | D:5      | Reached skill level 5 in Spellcasting
  3261 | D:5      | Learned a level 4 spell: Flame Wave
  3266 | D:5      | Learned a level 4 spell: Iskenderun's Mystic Blast
  3474 | D:5      | Found a staircase to the Ecumenical Temple.
  3485 | D:5      | Reached skill level 5 in Fire Magic
  3485 | D:5      | Reached XP level 8. HP: 34/47 MP: 4/16
  3601 | D:5      | Found a sacrificial altar of Ru.
  3766 | Temple   | Entered the Ecumenical Temple
  3775 | Temple   | Became a worshipper of Sif Muna the Loreminder
  3920 | D:5      | Learned a level 3 spell: Mephitic Cloud
  4041 | D:5      | Found an ornate altar of the Wu Jian Council.
  4597 | D:6      | Found a shimmering altar of Xom.
  4602 | D:6      | Reached skill level 1 in Poison Magic
  4604 | D:6      | Reached skill level 1 in Air Magic
  4607 | D:6      | Reached skill level 5 in Stealth
  4634 | D:6      | Mangled by an ice beast

Illustrated notes

Levels and vault maps discovered:
D:1:      tarquinn_simple_flora_water_a, layout_basic,
          hangedman_abyss_or_decor_stabs
D:2:      layout_loops_ring, serial_shops, nicolae_shop_gibbet_a_chance,
          dk_noncrumbling_3
D:3:      layout_basic, serial_bayou, serial_bayou_pond_d,
          serial_bayou_lagoon_a, serial_bayou_pond_e, serial_bayou_pond_a,
          minmay_misc_feat_iff
D:4:      layout_basic, mainiacjoe_overflow_paths, mainiacjoe_overflow_alcove_2,
          uniq_menkaure, uniq_pikel, uniq_sigmund, uniq_duvessa
D:5:      layout_loops_ring, lemuel_round_altar,
          mainiacjoe_overflow_six_doors_small, minmay_temple_entry_tees
D:6:      layout_basic, nicolae_gozag_cash_rules_everything_around_me,
          xom_confusion_cloud, uniq_jeremiah, uniq_edmund, uniq_eustachio
Temple:   nicolae_temple_two_arcs

Skill      XL: |  1  2  3  4  5  6  7  8 |
---------------+-------------------------+-----
Stealth        | 3 4 5 |  5.2
Short Blades   | 1 |  1.3
Spellcasting   | 3 4 5 6 |  6.5
Conjurations   | 2 3 4 |  4.1
Fire Magic     | 4 5 6 |  6.0
Poison Magic   | 1 |  1.2
Air Magic      | 1 |  1.0
Fighting       | |  0.8
Dodging        | |  2.6
Hexes          | |  0.5
Evocations     | |  0.5

Action                     |  1- 3 |  4- 6 |  7- 9 || total
---------------------------+-------+-------+-------++-------
  Melee: Dagger            |    24 |    16 |    10 ||    50
         Unarmed           |     1 |       |       ||     1
         Constrict         |     6 |     4 |     3 ||    13
         Tentacles         |     3 |     2 |     2 ||     7
   Cast: Foxfire           |    36 |    26 |    43 ||   105
         Scorch            |     1 |     8 |    18 ||    27
         Inner Flame       |       |     1 |    11 ||    12
  Evoke: Wand              |       |     3 |     5 ||     8
    Use: Scroll            |       |     5 |       ||     5
   Stab: Sleeping          |     9 |     1 |     4 ||    14
 Armour: Skin              |     2 |     1 |     1 ||     4
  Dodge: Dodged            |    13 |    14 |    13 ||    40

Table legend: (Time is in decaauts)
 A = Elapsed time spent in this place.
 B = Non-inter-level travel time spent in this place.
 C = Inter-level travel time spent in this place.
 D = Time resting spent in this place.
 E = Time spent auto-exploring this place.
 F = Levels seen in this place.
 G = Mean time per level.
                   A        B        C        D        E       F      G
               +--------+--------+--------+--------+--------+-----+--------+
         Total |   4630 |   4497 |    133 |    323 |   3239 |   7 |  661.4 |
       Dungeon |   4611 |   4478 |    133 |    323 |   3239 |   6 |  768.5 |
        Temple |     18 |     18 |      0 |      0 |      0 |   1 |   18.0 |
               +--------+--------+--------+--------+--------+-----+--------+

Top non-repeatable levels by time:
     D:5: 1421 daAuts
     D:2: 944 daAuts
     D:1: 882 daAuts
     D:3: 832 daAuts
     D:4: 446 daAuts
     D:6: 84 daAuts
  Temple: 18 daAuts
